 Dungeon Crawl Stone Soup version 0.29.0-4-gdea44cf6ec (webtiles) character file.

Game seed: 2960256953491315396

2208 qw the Cleaver (level 9, -2/86 HPs)
             Began as a Minotaur Berserker on Sept 10, 2022.
             Was a Priest of Trog.
             Slain by a rakshasa
             ... wielding a +0 long sword
              (4 damage)
             ... on level 9 of the Dungeon.
             The game lasted 00:02:10 (6341 turns).

qw the Cleaver (Minotaur Berserker)                 Turns: 6341, Time: 00:02:10

Health: -2/86      AC: 12    Str: 27    XL:     9   Next: 13%
Magic:  0/8        EV: 12    Int:  4    God:    Trog [***...]
Gold:   158        SH:  4    Dex:  9    Spells: 8/8 levels left

rFire   . . .      SeeInvis .   s - +1 hand axe (flame)
rCold   . . .      Faith    .   l - +0 buckler
rNeg    . . .      Spirit   +   k - +0 chain mail
rPois   .          Reflect  .   (helmet restricted)
rElec   .          Harm     .   o - +1 cloak
rCorr   .          Rampage  .   e - +0 pair of gloves
Will    +....                   (no boots)
Stlth   ..........              f - amulet of guardian spirit
HPRegen 0.24/turn               h - +4 ring of evasion
MPRegen 0.11/turn               a - ring of willpower

@: on berserk cooldown, slowed, very slow
A: horns 2, retaliatory headbutt, sense surroundings 1, robust 1
a: Renounce Religion, Berserk, Trog's Hand


You were on level 9 of the Dungeon.
You worshipped Trog.
Trog was most pleased with you.
You visited 1 branch of the dungeon, and saw 7 of its levels.

You collected 298 gold pieces.
You spent 140 gold pieces at shops.


Innate Abilities, Weirdness & Mutations

You have a pair of horns on your head.
You reflexively headbutt those who attack you in melee.
You passively map a small area around you.
You are robust. (+10% HP)


   Skills:
 - Level 7.3 Fighting
 - Level 12.0 Axes
 - Level 1.4 Throwing
 + Level 4.0 Armour
 - Level 2.1 Dodging
 - Level 4.2 Shields


You had 8 spell levels left.
You didn't know any spells.
Your spell library was empty.

Inventory:

Hand Weapons
 s - a +1 hand axe of flaming (weapon)
 Y - a +4 hand axe
Missiles
 i - 3 boomerangs (quivered)
Armour
 e - a +0 pair of gloves (worn)
 k - a +0 chain mail (worn)
 l - a +0 buckler (worn)
 o - a +1 cloak (worn)
Jewellery
 a - a ring of willpower (right hand)
 b - the ring of Mistrust {Fire rN+ Dex+3}
   (You found it on level 2 of the Dungeon)

   [ring of fire]

   It enhances your fire magic.
   Dex:       It affects your dexterity (+3).
   rF:        It protects you from fire.
   rC:        It makes you vulnerable to cold.
   rN:        It protects you from negative energy.
 f - an amulet of guardian spirit (around neck)
 h - a +4 ring of evasion (left hand)
 j - a ring of resist corrosion
 m - a +4 ring of protection
Scrolls
 c - 4 scrolls of identify
Potions
 d - a potion of mutation
 n - 5 potions of curing
 p - a potion of haste
 t - a potion of resistance

Dungeon Overview and Level Annotations

Branches:
Dungeon (9/15)             Temple (0/1) D:5
   Lair: D:8-11         Orc: D:9-12

Altars:
Dithmenos

Shops:
D:3 !   D:5 *


Message History

An orc wizard comes into view. It is wielding a +1 dagger of venom.
The rakshasa blinks!
The centaur shoots an arrow.
The arrow hits you.
A six-headed hydra comes into view.
The centaur shoots an arrow.
The arrow barely misses you.
6337 ||| DRINKING 2 potions of heal wounds.
You feel much better.
The centaur shoots an arrow.
The arrow hits you. The rakshasa misses you. You furiously retaliate!
You headbutt the rakshasa, but do no damage.
The orc wizard mumbles some strange words.
The orc wizard flickers and vanishes!
Deactivating autopickup; reactivate with Ctrl-A.
The centaur wields a +0 shortbow.
The centaur shoots an arrow.
The arrow hits you.
The centaur shoots an arrow.
The arrow hits you!
A green ugly thing comes into view.
The rakshasa closely misses you.
You hit the rakshasa. Your headbutt misses the rakshasa.
The rakshasa is severely wounded.
The centaur shoots an arrow.
You block the arrow.
A centaur comes into view.
The centaur shoots an arrow.
The arrow hits you.
The rakshasa hits you with a +0 long sword!!
The centaur moves out of view.
6339 ||| DRINKING potion of heal wounds.
You feel much better.
The centaur shoots an arrow.
The arrow hits you!
The rakshasa hits you with a +0 long sword!
The kobold demonologist begins to cast a cantrip, but forgets the words!
The centaur wields a +0 shortbow.
The centaur shoots an arrow.
The arrow closely misses you.
The rakshasa hits you with a +0 long sword!!
6340 ||| SWAPPING to +1 hand axe of flaming.
Your +1 hand axe of flaming bursts into flame!
s - a +1 hand axe of flaming (weapon)
A wyvern comes into view.
You hit the rakshasa but do no damage.
The rakshasa is severely wounded.
You miss the kobold demonologist.
The rakshasa hits you with a +0 long sword.
You die...

,, , *.### ,*,, , ,#..#
... , ,* # *, .. #..#
#.# * * .# ,
.###..#####.##### **#l#
** * .#....#..#..##..#
#.# .+....#.##.#..#.#
u.., ,
.#....##..###.####c#.#.#
*
.#....##.##..#..#RDc.{..
.#.....##..#.##%@#,*
.#..#.#..#.##.[##KcRc...
, ##..#.#.#####.#
*#c#.#.# ......##. ..#
,.4. , , + ......# .##.#
,#.# , ......# ###. *
#.# * .........,. ,... ,
....##....* , *, *..,
....# #### ,


You could see a six-headed hydra, a green ugly thing, 2 rakshasas, a hellwing
(summoned), a kobold demonologist, a wyvern and 5 centaurs.

Vanquished Creatures
  A shadow (D:9)
  2 wyverns (D:9)
  A steam dragon (D:9)
  Menkaure (D:6)
  2 water moccasins
  An ogre (D:6)
  A centaur (D:4)
  A kobold brigand (D:9)
  Blork the orc (D:6)
  A bullfrog (D:9)
  A necrophage (D:6)
  2 scorpions (D:5)
  A howler monkey (D:9)
  6 hounds
  2 orc priests
  A jelly (D:6)
  3 orc wizards
  4 iguanas
  7 gnolls
  7 adders
  2 shadow imps
  2 white imps (D:5)
  3 worms
  5 dart slugs
  14 orcs
  5 bats
  10 endoplasms
  6 goblins
  4 hobgoblins
  8 jackals (D:1)
  4 quokkas
  8 ball pythons
  A frilled lizard (D:1)
  10 kobolds
  6 rats
134 creatures vanquished.

Notes
Turn   | Place    | Note
-------+----------+-------------------------------------------
     0 | D:1      | qw the Minotaur Berserker began the quest for the Orb.
     0 | D:1      | Reached XP level 1. HP: 19/19 MP: 0/0
     0 | D:1      | 0 ||| qw: Version: 0.1-a-116-g5d60599
     0 | D:1      | 0 ||| qw: Game counter: 7621
     0 | D:1      | 0 ||| qw: Always use a shield: true
     0 | D:1      | 0 ||| qw: Do Orc after D:15 true
     0 | D:1      | 0 ||| qw: Do second Lair branch before Depths: true
     0 | D:1      | 0 ||| qw: Lair rune preference: random
     0 | D:1      | 0 ||| qw: Plans: Normal
     0 | D:1      | 0 ||| PLANNING D:1-11
    10 | D:1      | 10 ||| Stepping ~*~*~tactically~*~*~ (hiding).
   112 | D:1      | 112 ||| Stepping ~*~*~tactically~*~*~ (hiding).
   227 | D:1      | Reached skill level 4 in Axes
   322 | D:1      | 322 ||| Stepping ~*~*~tactically~*~*~ (stealth).
   325 | D:1      | 325 ||| Stepping ~*~*~tactically~*~*~ (stealth).
   329 | D:1      | Reached XP level 2. HP: 26/26 MP: 1/1
   335 | D:1      | 335 ||| Stepping ~*~*~tactically~*~*~ (stealth).
   343 | D:1      | 343 ||| Stepping ~*~*~tactically~*~*~ (stealth).
   511 | D:1      | 511 ||| INVOKING Berserk.
   760 | D:1      | Reached skill level 5 in Axes
  1038 | D:1      | Reached XP level 3. HP: 31/31 MP: 2/2
  1285 | D:1      | 1285 ||| UPGRADING to +0 chain mail.
  1295 | D:1      | 1295 ||| DROPPING +0 animal skin.
  1296 | D:1      | 1296 ||| UPGRADING to +0 buckler.
  1301 | D:1      | 1301 ||| UPGRADING to amulet of guardian spirit.
  1306 | D:1      | 1306 ||| UPGRADING to +4 ring of evasion.
  1307 | D:1      | 1307 ||| UPGRADING to ring of resist corrosion.
  1308 | D:1      | 1308 ||| READING 3 scrolls labelled CANAIW HEETOC.
  1309 | D:1      | 1309 ||| READING 2 scrolls of enchant weapon.
  1309 | D:1      | 1309 ||| ENCHANTING +1 hand axe.
  1310 | D:1      | 1310 ||| READING scroll of enchant weapon.
  1310 | D:1      | 1310 ||| ENCHANTING +2 hand axe.
  1311 | D:1      | 1311 ||| READING scroll labelled TADDETOUST.
  1312 | D:1      | 1312 ||| READING scroll labelled TUPLUL PILOASS.
  1344 | D:2      | 1344 ||| STAIRDANCE
  1347 | D:1      | Reached skill level 1 in Shields
  1349 | D:2      | 1349 ||| STAIRDANCE
  1362 | D:2      | 1362 ||| INVOKING Berserk.
  1488 | D:2      | Reached ** piety under Trog
  1517 | D:2      | 1517 ||| Stepping ~*~*~tactically~*~*~ (stealth).
  1518 | D:2      | 1518 ||| Stepping ~*~*~tactically~*~*~ (stealth).
  1532 | D:2      | Identified the ring of Mistrust {Fire rN+ Dex+3}
  1537 | D:2      | 1537 ||| Stepping ~*~*~tactically~*~*~ (hiding).
  1663 | D:2      | 1663 ||| FLEEEEING.
  1664 | D:2      | 1664 ||| FLEEEEING.
  1667 | D:2      | 1667 ||| FLEEEEING.
  1668 | D:2      | 1668 ||| STAIRDANCE
  1700 | D:1      | 1700 ||| UPGRADING to ring of willpower.
  1709 | D:2      | Reached XP level 4. HP: 35/39 MP: 3/3
  1709 | D:2      | 1709 ||| STAIRDANCE
  2094 | D:2      | 2094 ||| Stepping ~*~*~tactically~*~*~ (stealth).
  2095 | D:2      | 2095 ||| Stepping ~*~*~tactically~*~*~ (stealth).
  2096 | D:2      | 2096 ||| Stepping ~*~*~tactically~*~*~ (stealth).
  2105 | D:2      | Reached skill level 6 in Axes
  2235 | D:2      | 2235 ||| UPGRADING to +0 cloak.
  2240 | D:2      | 2240 ||| READING scroll labelled AJYALIMUHU.
  2241 | D:2      | 2241 ||| READING scroll labelled AZUSORHEMP.
  2242 | D:2      | 2242 ||| READING scroll labelled ERAMA BYKKESU.
  2243 | D:2      | 2243 ||| DRINKING 2 sedimented silvery potions.
  2244 | D:2      | 2244 ||| DRINKING 2 dark potions.
  2280 | D:2      | 2280 ||| DROPPING potion of degeneration.
  2281 | D:2      | 2281 ||| DROPPING potion of lignification.
  2322 | D:3      | Found a faded altar of an unknown god.
  2440 | D:3      | 2440 ||| Stepping ~*~*~tactically~*~*~ (hiding).
  2444 | D:3      | 2444 ||| INVOKING Berserk.
  2630 | D:3      | 2630 ||| Stepping ~*~*~tactically~*~*~ (hiding).
  2632 | D:3      | 2632 ||| Stepping ~*~*~tactically~*~*~ (hiding).
  2734 | D:3      | Reached XP level 5. HP: 45/45 MP: 4/4
  3124 | D:3      | Found Noaddep's Distillery.
  3133 | D:3      | 3133 ||| BUYING 2 potions of curing (60 gold).
  3133 | D:3      | Bought 2 potions of curing for 60 gold pieces
  3133 | D:3      | 3133 ||| BUYING potion of curing (30 gold).
  3133 | D:3      | Bought a potion of curing for 30 gold pieces
  3133 | D:3      | 3133 ||| BUYING potion of heal wounds (50 gold).
  3133 | D:3      | Bought a potion of heal wounds for 50 gold pieces
  3133 | D:3      | 3133 ||| SHOPLISTING potion of heal wounds (50 gold, have
                  | 2).
  3133 | D:3      | 3133 ||| SHOPLISTING potion of might (40 gold, have 2).
  3133 | D:3      | 3133 ||| SHOPLISTING potion of resistance (100 gold, have
                  | 2).
  3269 | D:3      | 3269 ||| Stepping ~*~*~tactically~*~*~ (hiding).
  3304 | D:3      | 3304 ||| DROPPING scarf of invisibility.
  3305 | D:3      | 3305 ||| DROPPING amulet of magic regeneration.
  3306 | D:3      | 3306 ||| READING scroll labelled UTWUFU WUEQEA.
  3307 | D:3      | 3307 ||| DRINKING 2 fizzy dark potions.
  3307 | D:3      | Gained mutation: You are frail. (-10% HP) [potion of
                  | mutation]
  3308 | D:3      | 3308 ||| DRINKING potion of mutation.
  3308 | D:3      | Lost mutation: You are frail. (-10% HP) [potion of
                  | mutation]
  3308 | D:3      | Gained mutation: You are robust. (+10% HP) [potion of
                  | mutation]
  3308 | D:3      | Gained mutation: You passively map a small area around you.
                  | [potion of mutation]
  3363 | D:3      | 3363 ||| READING 3 scrolls of identify.
  3363 | D:3      | 3363 ||| IDENTIFYING murky purple potion
  3456 | D:4      | 3456 ||| Stepping ~*~*~tactically~*~*~ (stealth).
  3462 | D:4      | 3462 ||| Stepping ~*~*~tactically~*~*~ (stealth).
  3464 | D:4      | 3464 ||| Stepping ~*~*~tactically~*~*~ (stealth).
  3467 | D:4      | 3467 ||| Stepping ~*~*~tactically~*~*~ (stealth).
  3500 | D:4      | Noticed a centaur
  3513 | D:4      | Killed a centaur
  3514 | D:4      | Reached skill level 7 in Axes
  3514 | D:4      | 3514 ||| INVOKING Berserk.
  3719 | D:4      | 3719 ||| DROPPING +0 whip.
  3756 | D:4      | Reached XP level 6. HP: 55/57 MP: 5/5
  3817 | D:4      | 3817 ||| READING scroll of enchant armour.
  3817 | D:4      | 3817 ||| ENCHANTING +0 cloak.
  3852 | D:4      | Reached skill level 8 in Axes
  4227 | D:4      | 4227 ||| UPGRADING to +0 pair of gloves.
  4268 | D:5      | Entered Level 5 of the Dungeon
  4290 | D:5      | 4290 ||| Stepping ~*~*~tactically~*~*~ (hiding).
  4292 | D:5      | 4292 ||| INVOKING Berserk.
  4300 | D:5      | Reached skill level 3 in Armour
  4437 | D:5      | Reached *** piety under Trog
  4469 | D:5      | 4469 ||| Stepping ~*~*~tactically~*~*~ (stealth).
  4475 | D:5      | 4475 ||| Stepping ~*~*~tactically~*~*~ (stealth).
  4504 | D:5      | Reached XP level 7. HP: 49/64 MP: 4/6
  4507 | D:5      | Reached skill level 9 in Axes
  4627 | D:5      | 4627 ||| Stepping ~*~*~tactically~*~*~ (hiding).
  4658 | D:5      | Reached skill level 3 in Shields
  4702 | D:5      | Found a staircase to the Ecumenical Temple.
  4710 | D:5      | 4710 ||| Stepping ~*~*~tactically~*~*~ (stealth).
  4712 | D:5      | 4712 ||| Stepping ~*~*~tactically~*~*~ (hiding).
  4713 | D:5      | 4713 ||| Stepping ~*~*~tactically~*~*~ (hiding).
  4715 | D:5      | 4715 ||| Stepping ~*~*~tactically~*~*~ (hiding).
  4718 | D:5      | 4718 ||| INVOKING Berserk.
  4829 | D:5      | 4829 ||| DROPPING +0 flail.
  4836 | D:5      | Found Olehuc's Overcharged Wands.
  4860 | D:5      | 4860 ||| READING scroll of enchant weapon.
  4860 | D:5      | 4860 ||| ENCHANTING +3 hand axe.
  4911 | D:5      | 4911 ||| Stepping ~*~*~tactically~*~*~ (stealth).
  4913 | D:5      | 4913 ||| Stepping ~*~*~tactically~*~*~ (stealth).
  4914 | D:5      | 4914 ||| Stepping ~*~*~tactically~*~*~ (stealth).
  4934 | D:5      | 4934 ||| DROPPING +0 morningstar.
  5318 | D:5      | 5318 ||| READING scroll labelled XOIHON MORUJ.
  5323 | D:5      | 5323 ||| READING scroll labelled IFO ADYISTUEMPA.
  5324 | D:5      | 5324 ||| READING scroll labelled QUH OSENLOFRAD.
  5325 | D:5      | 5325 ||| READING 4 scrolls of identify.
  5325 | D:5      | 5325 ||| IDENTIFYING fizzy clear potion
  5359 | D:6      | Noticed Menkaure
  5364 | D:6      | 5364 ||| INVOKING Berserk.
  5365 | D:6      | Killed Menkaure
  5540 | D:6      | Reached skill level 10 in Axes
  5540 | D:6      | Reached XP level 8. HP: 74/77 MP: 7/7
  5582 | D:6      | Noticed Blork the orc
  5583 | D:6      | 5583 ||| Stepping ~*~*~tactically~*~*~ (hiding).
  5585 | D:6      | 5585 ||| Stepping ~*~*~tactically~*~*~ (hiding).
  5589 | D:6      | 5589 ||| INVOKING Berserk.
  5591 | D:6      | Killed Blork the orc
  5592 | D:6      | Reached skill level 1 in Throwing
  5709 | D:6      | 5709 ||| INVOKING Berserk.
  5711 | D:6      | Reached skill level 6 in Fighting
  5852 | D:6      | Found a shadowy altar of Dithmenos.
  5994 | D:6      | 5994 ||| Stepping ~*~*~tactically~*~*~ (stealth).
  6000 | D:6      | 6000 ||| Stepping ~*~*~tactically~*~*~ (stealth).
  6001 | D:6      | 6001 ||| Stepping ~*~*~tactically~*~*~ (stealth).
  6007 | D:6      | 6007 ||| Stepping ~*~*~tactically~*~*~ (stealth).
  6008 | D:6      | 6008 ||| Stepping ~*~*~tactically~*~*~ (stealth).
  6011 | D:6      | 6011 ||| Stepping ~*~*~tactically~*~*~ (stealth).
  6145 | D:6      | You fall into a shaft and drop 3 floors!
  6180 | D:9      | Reached skill level 11 in Axes
  6287 | D:9      | Noticed an efreet
  6288 | D:9      | 6288 ||| Stepping ~*~*~tactically~*~*~ (stealth).
  6305 | D:9      | 6305 ||| INVOKING Berserk.
  6308 | D:9      | Noticed a rakshasa
  6320 | D:9      | Reached skill level 12 in Axes
  6326 | D:9      | Noticed a kobold demonologist
  6327 | D:9      | Reached XP level 9. HP: 68/85 MP: 3/8
  6329 | D:9      | Noticed a hellwing
  6334 | D:9      | Noticed a two-headed ogre
  6336 | D:9      | HP: 20/86 [centaur/arrow (3)]
  6336 | D:9      | Noticed a six-headed hydra
  6337 | D:9      | 6337 ||| DRINKING 2 potions of heal wounds.
  6337 | D:9      | Noticed a green ugly thing
  6338 | D:9      | HP: 6/86 [rakshasa/+0 long sword (21)]
  6339 | D:9      | 6339 ||| DRINKING potion of heal wounds.
  6339 | D:9      | HP: 1/86 [rakshasa/+0 long sword (17)]
  6340 | D:9      | 6340 ||| SWAPPING to +1 hand axe of flaming.
  6341 | D:9      | Slain by a rakshasa

Levels and vault maps discovered:
D:1:      erik_arrival_blinker_ship, layout_basic, kennysheep_boxes
D:2:      layout_basic
D:3:      minmay_wonky_spiral, layout_basic,
          hellmonk_ecumenical_altar_pennies_from_heaven, serial_shops,
          nicolae_shop_crystal
D:4:      layout_basic
D:5:      layout_basic, minmay_temple_entry_grid, nicolae_shop_overcharged_wands
D:6:      layout_basic, grunt_dithmenos_shadows, serial_park_tiny_pond,
          uniq_grinder, uniq_blork_the_orc, uniq_sigmund, uniq_menkaure
D:9:      minmay_the_grid_3x3 [minmay_the_grid_tri_star, minmay_the_grid_slots,
          minmay_the_grid_doors, minmay_the_grid_holed_spiral,
          minmay_the_grid_minigrid_small_alt, minmay_the_grid_broken_lines,
          minmay_the_grid_tiny_cups, minmay_the_grid_all_tris,
          minmay_the_grid_prize_four_corners], layout_gridville,
          mainiacjoe_overflow_two_lobes

Skill      XL: |  1  2  3  4  5  6  7  8  9 |
---------------+----------------------------+-----
Axes           | 4 5 6 7 8 10 12 | 12.0
Shields        | 1 2 3 4 |  4.2
Fighting       | 4 5 6 7 |  7.3
Armour         | 3 4 |  4.0
Throwing       | 1 |  1.4
Dodging        | |  2.1

Action                   |  1- 3 |  4- 6 |  7- 9 || total
-------------------------+-------+-------+-------++-------
Melee: Hand axe          |    77 |   143 |   129 ||   349
       Headbutt          |     9 |    17 |    19 ||    45
Throw: Boomerang         |       |       |    20 ||    20
Invok: Berserk           |     2 |     3 |     5 ||    10
  Use: Scroll            |     5 |     6 |     5 ||    16
       Potion            |       |     4 |     2 ||     6
Armor: Animal skin       |     4 |       |       ||     4
       Chain mail        |    13 |    48 |    48 ||   109
Dodge: Dodged            |    42 |    68 |    52 ||   162
Block: Buckler           |     1 |    20 |     7 ||    28

Table legend:
 A = Non-vault XP
 B = Vault XP
 C = Vault XP percentage of total XP
 D = Non-vault monster count
 E = Vault monster count
 F = Vault count percentage of total count
                 A         B        C        D         E       F
            +---------+---------+-------+---------+---------+-------
      Total |    1949 |    1206 |  38.2 |     119 |      15 |  11.2
            +---------+---------+-------+---------+---------+-------
        D:1 |      64 |       0 |   0.0 |      30 |       0 |   0.0
        D:2 |      65 |       0 |   0.0 |      17 |       0 |   0.0
        D:3 |      69 |       9 |  11.5 |      18 |       4 |  18.2
        D:4 |     332 |       0 |   0.0 |      16 |       0 |   0.0
        D:5 |     703 |       0 |   0.0 |      28 |       0 |   0.0
        D:6 |     353 |     270 |  43.3 |       8 |       3 |  27.3
        D:9 |     363 |     927 |  71.9 |       2 |       8 |  80.0
            +---------+---------+-------+---------+---------+-------
